 Dungeon Crawl Stone Soup version 0.24.0-35-gdb84b6a5db (webtiles) character file.

Game seed: 15959551300349623666, levelgen mode: deterministic

33160 ponchio the Blocker (level 13, -1/84 HPs)
             Began as a Gargoyle Fighter on Nov 1, 2019.
             Was a Priest of the Shining One.
             Slain by a spiny frog (17 damage)
             ... on level 6 of the Lair of Beasts on Nov 17, 2019.
             The game lasted 00:59:12 (17265 turns).

ponchio the Blocker (Gargoyle Fighter)             Turns: 17265, Time: 00:59:13

Health: -1/84      AC: 19    Str: 21    XL:     13   Next: 69%
Magic:  9/13       EV: 18    Int:  9    God:    the Shining One [***...]
Gold:   965        SH: 15    Dex: 13    Spells: 12/12 levels left

rFire    . . .     SeeInvis +   A - +2 whip (freeze)
rCold    . . .     Gourm    .   c - +2 shield
rNeg     + + .     Faith    .   v - +2 robe {MR+}
rPois    ∞         Spirit   .   (no helmet)
rElec    +         Reflect  .   (no cloak)
rCorr    +         Harm     .   G - +1 pair of gloves {archery}
MR       +....                  o - +2 pair of boots
Stlth    +.........             (no amulet)
HPRegen  0.24/turn              n - ring of see invisible
MPRegen  0.13/turn              F - ring of resist corrosion

@: glowing
A: negative energy resistance 1, electricity resistance, unbreathing,
petrification resistance, rot immunity, AC +9
a: Divine Shield, Renounce Religion


You were on level 6 of the Lair of Beasts.
You worshipped the Shining One.
The Shining One was most pleased with you.
You were not hungry.

You visited 3 branches of the dungeon, and saw 16 of its levels.

You collected 965 gold pieces.

Inventory:

Hand Weapons
 d - a +0 flail of holy wrath
 A - a +2 whip of freezing (weapon)
 I - the +9 flail of Welfare {antimagic, rC+ Int+2}
   (You found it on level 4 of the Lair of Beasts)

   It reduces the magical energy of the wielder, and disrupts the spells and
   magical abilities of those hit.
   Natural abilities and divine invocations are not affected.
   It affects your intelligence (+2).
   It protects you from cold.
Armour
 b - a +0 ring mail
 c - a +2 shield (worn)
 o - a +2 pair of boots (worn)
 v - a +2 robe of magic resistance (worn)
 x - a +1 leather armour of fire resistance
 G - a +1 pair of gloves of archery (worn)
Jewellery
 k - an uncursed ring of ice
 n - a ring of see invisible (left hand)
 F - a ring of resist corrosion (right hand)
Wands
 a - a wand of flame (27)
 g - a wand of random effects (27)
 u - a wand of polymorph (24)
 w - a wand of disintegration (19)
 E - a wand of scattershot (7)
 H - a wand of iceblast (7)
Scrolls
 e - 5 scrolls of teleportation
 s - 4 scrolls of amnesia
 t - 3 scrolls of blinking
 y - 3 scrolls of remove curse
 B - 3 scrolls of enchant weapon
 C - 3 scrolls of identify
Potions
 h - 2 potions of flight
 i - 3 potions of brilliance
 j - a potion of magic
 l - a potion of lignification
 m - a potion of curing
 p - a potion of haste
 q - a potion of mutation
 r - 2 potions of resistance
Comestibles
 f - 26 rations


   Skills:
 + Level 11.5 Fighting
 + Level 11.8 Maces & Flails
 - Level 3.2 Armour
 * Level 11.3 Dodging
 + Level 11.9 Shields


You had 12 spell levels left.
You didn't know any spells.
Your spell library contained the following spells:

 Spells                   Type           Power        Failure   Level  Hunger
 Flame Tongue             Conj/Fire      #....        52%         1    ##.....
 Sting                    Conj/Pois      #...         52%         1    ##.....
 Poisonous Vapours        Pois/Air       #.....       65%         2    ###....
 Throw Flame              Conj/Fire      #.....       65%         2    ###....
 Conjure Flame            Conj/Fire      #.......     87%         3    ####...
 Inner Flame              Hex/Fire       #.......     87%         3    ####...
 Mephitic Cloud           Conj/Pois/Air  #.......     87%         3    ####...
 Ice Form                 Ice/Tmut       #.......     99%         4    #####..
 Olgreb's Toxic Radiance  Pois           #.......     99%         4    #####..
 Sticky Flame             Conj/Fire      #.......     99%         4    #####..
 Fireball                 Conj/Fire      #.........   100%        5    ######.
 Metabolic Englaciation   Hex/Ice        #.........   100%        5    ######.
 Venom Bolt               Conj/Pois      #.........   100%        5    ######.
 Bolt of Cold             Conj/Ice       #.........   100%        6    #######
 Conjure Ball Lightning   Conj/Air       #.........   100%        6    #######
 Freezing Cloud           Conj/Ice/Air   #.........   100%        6    #######
 Ozocubu's Refrigeration  Ice            #.........   100%        6    #######
 Simulacrum               Ice/Necr       #.........   100%        6    #######


Dungeon Overview and Level Annotations

Branches:
Dungeon (9/15)             Temple (1/1) D:7            Lair (6/6) D:9
 Shoals (0/4) Lair:2       Spider (0/4) Lair:2        Slime (0/5) Lair:5
    Orc: D:9-12

Altars:
Ashenzari
Cheibriados
Dithmenos
Elyvilon
Fedhas
Gozag
Hepliaklqana
Kikubaaqudgha
Makhleb
Nemelex Xobeh
Okawaru
Qazlal
Ru
Sif Muna
Trog
Uskayaw
Vehumet
Wu Jian
Xom
Yredelemnul
Zin
The Shining One

Shops:
D:5 }

Annotations:
D:7 2 transporters, Flugslaktarn's ghost, amateur MiFi
Lair:5 2 transporters, Flugslaktarn's ghost, journeyman MiFi


Innate Abilities, Weirdness & Mutations

You are resistant to torment.
Your stone body is resilient. (AC +9)
You are immune to poison.
You resist negative energy. (rN+)
You are resistant to electric shocks. (rElec)
You can survive without breathing.
You are immune to petrification.
You are immune to rotting.


Message History

The spiny frog is moderately wounded.
You hit the spiny frog.
The spiny frog seems to slow down.
You freeze the spiny frog.
The spiny frog is moderately wounded.
The spiny frog stings you!!
* * * LOW HITPOINT WARNING * * *
You hit the spiny frog but do no damage.
The spiny frog is moderately wounded.
You hit the spiny frog.
The spiny frog seems to slow down.
You freeze the spiny frog.
The spiny frog is moderately wounded.
The spiny frog misses you.
You hit the spiny frog. You freeze the spiny frog.
The spiny frog is heavily wounded.
You hit the spiny frog but do no damage.
The spiny frog is heavily wounded.
You hit the spiny frog. You freeze the spiny frog.
The spiny frog is severely wounded.
The spiny frog stings you!
You die...

.......#.##........P##..#..P.##%.
P##...#####......P.÷#.†#....##...
.###### ##.....P#(.÷†.†P.....P..
## #......##..##.........P. .#
##........#.##..#..S..... .#
#..P.##....##.##....Y.... ##
##.†####...P.#.....#.P.#† .#
#.<#.###F........#######. ##
#...###.@.#.....## .# #.P.##
##†##...#..# . # #....
#.P......... .P ... .P..#
#PP......P... .P #.# .....#
##P......P... ### # .......
......#.....# .......P
.....P..... ...PP.. .......


You could see a spiny frog.

Vanquished Creatures
  4 hydras
  Pikel (D:8)
  12 elephants
  4 black mambas
  7 spiny frogs
  A centaur skeleton (D:9)
  2 rime drakes
  5 komodo dragons
  A troll (D:9)
  2 hornets (Lair:6)
  2 hippogriffs
  2 dream sheep (D:9)
  21 blink frogs
  A snapping turtle (Lair:2)
  Sigmund (D:5)
  5 wyverns
  36 yaks
  2 basilisks
  Eustachio (D:6)
  2 hungry ghosts
  Edmund (D:4)
  13 water moccasins
  7 porcupines
  3 orc warriors
  A swamp drake (Lair:6)
  A sky beast (D:9)
  A necrophage (D:9)
  2 ogres
  A phantom (D:7)
  20 wolves
  3 centaurs
  6 crocodiles
  3 big kobolds (D:9)
  13 bullfrogs
  Blork the orc (D:6)
  A water moccasin zombie (D:6)
  5 scorpions
  10 killer bees
  A wight (D:9)
  A howler monkey (D:9)
  3 jellies
  2 vampire bats (Lair:2)
  A centaur zombie (D:9)
  2 crimson imps
  A quasit (D:9)
  7 hounds
  5 orc priests
  6 orc wizards
  Jessica (D:2)
  3 bullfrog skeletons (D:6)
  An iguana (D:9)
  8 worker ants
  2 hound zombies
  A hound skeleton (D:6)
  A worker ant zombie (D:5)
  11 adders
  A shadow imp (D:6)
  An ooze (D:4)
  2 adder zombies
  An adder skeleton (D:4)
  5 worms
  A dart slug (D:2)
  5 leopard geckos
  29 orcs
  15 bats
  7 giant cockroaches
  7 goblins
  6 hobgoblins
  8 jackals
  2 quokkas
  2 ball pythons
  6 frilled lizards
  A jackal skeleton (D:4)
  6 kobolds
  A leopard gecko zombie (D:6)
  A quokka skeleton (D:4)
  6 rats
374 creatures vanquished.

Vanquished Creatures (others)
  A crimson imp (D:8)
  An orc wizard (D:8)
  2 orcs (D:8)
  29 fungi
  35 plants
68 creatures vanquished.

Grand Total: 442 creatures vanquished

Notes
Turn   | Place    | Note
-------+----------+-------------------------------------------
     0 | D:1      | ponchio the Gargoyle Fighter began the quest for the Orb.
     0 | D:1      | Reached XP level 1. HP: 14/14 MP: 1/1
   325 | D:1      | Reached XP level 2. HP: 12/19 MP: 2/2
  1008 | D:2      | Reached XP level 3. HP: 22/24 MP: 3/3
  1014 | D:2      | Upgraded the game from 0.24.0-5-g267a8d59f4 to
                  | 0.24.0-35-gdb84b6a5db
  1233 | D:2      | Noticed an ogre
  1245 | D:2      | Killed an ogre
  1245 | D:2      | Reached XP level 4. HP: 30/30 MP: 4/4
  1245 | D:2      | Reached XP level 5. HP: 34/34 MP: 5/5
  1255 | D:2      | Reached skill level 5 in Fighting
  1297 | D:2      | Noticed Jessica
  1303 | D:2      | Killed Jessica
  2399 | D:4      | Reached XP level 6. HP: 18/40 MP: 6/6
  2980 | D:4      | Identified the Volume of Entrancing Arcane Weapons
  3103 | D:4      | Noticed Edmund
  3123 | D:4      | Killed Edmund
  3123 | D:4      | Reached skill level 5 in Maces & Flails
  3123 | D:4      | Reached XP level 7. HP: 27/47 MP: 7/7
  3324 | D:5      | Entered Level 5 of the Dungeon
  3329 | D:5      | Found Qiep's Gadget Boutique.
  3384 | D:5      | Found a sparkling altar of Nemelex Xobeh.
  4088 | D:5      | Noticed Sigmund
  4103 | D:5      | Killed Sigmund
  4103 | D:5      | Reached XP level 8. HP: 43/54 MP: 8/8
  4400 | D:6      | Noticed Eustachio
  4428 | D:6      | Killed Eustachio
  4760 | D:6      | Noticed Blork the orc
  4767 | D:6      | Killed Blork the orc
  4961 | D:7      | Found a shadowy altar of Dithmenos.
  4961 | D:7      | Found a glowing silver altar of Zin.
  4964 | D:7      | Found an ornate altar of the Wu Jian Council.
  5143 | D:7      | Found a shimmering blue altar of Sif Muna.
  5200 | D:7      | Reached XP level 9. HP: 32/60 MP: 9/9
  5273 | D:7      | HP: 2/61 [orc wizard/puff of flame (8)]
  5691 | D:7      | Found a transporter.
  5696 | D:7      | Found a bloodstained altar of Trog.
  5703 | D:7      | Found a transporter.
  5703 | D:7      | Noticed a moth of wrath
  5704 | D:7      | Noticed Flugslaktarn's ghost (amateur MiFi)
  5706 | D:7      | Noticed a troll
  5873 | D:7      | Reached skill level 10 in Fighting
  6108 | D:7      | Found a staircase to the Ecumenical Temple.
  6120 | Temple   | Entered the Ecumenical Temple
  6187 | Temple   | Became a worshipper of the Shining One
  7033 | D:8      | Noticed Pikel
  7044 | D:8      | Killed Pikel
  7044 | D:8      | Reached skill level 10 in Maces & Flails
  7164 | D:8      | Found a stormy altar of Qazlal.
  7164 | D:8      | You fall into a shaft and drop 1 floor!
  7170 | D:9      | Noticed a troll
  7192 | D:9      | Reached skill level 1 in Dodging
  7192 | D:9      | Reached XP level 10. HP: 40/68 MP: 10/10
  7208 | D:9      | Reached * piety under the Shining One
  7212 | D:9      | HP: 1/68 [orc warrior/+0 dire flail (19)]
  7256 | D:9      | Reached skill level 5 in Shields
  7737 | D:9      | Found a staircase to the Lair.
  8148 | D:9      | Noticed a three-headed hydra
  8158 | D:9      | Killed a three-headed hydra
  8158 | D:9      | Reached skill level 5 in Dodging
  8158 | D:9      | Reached XP level 11. HP: 52/72 MP: 11/11
  8746 | Lair:1   | Entered Level 1 of the Lair of Beasts
  9813 | Lair:2   | Reached ** piety under the Shining One
 10158 | Lair:2   | Found a hole to the Spider Nest.
 10391 | Lair:2   | Found a staircase to the Shoals.
 11009 | Lair:2   | Reached skill level 10 in Shields
 11034 | Lair:2   | Reached XP level 12. HP: 52/77 MP: 12/12
 12052 | Lair:3   | You fall into a shaft and drop 3 floors!
 12052 | Lair:6   | Entered Level 6 of the Lair of Beasts
 12566 | Lair:5   | Found a transporter.
 12572 | Lair:5   | Noticed a six-headed hydra
 12572 | Lair:5   | Noticed a seven-headed hydra
 12573 | Lair:5   | Noticed a seven-headed hydra
 12573 | Lair:5   | Noticed Flugslaktarn's ghost (journeyman MiFi)
 13940 | Lair:3   | Reached skill level 10 in Dodging
 14586 | Lair:4   | Noticed a seven-headed hydra
 14595 | Lair:4   | Killed a seven-headed hydra
 14705 | Lair:4   | Got a crystal flail
 14706 | Lair:4   | Identified the +9 flail of Welfare {antimagic, rC+ Int+2}
                  | (You found it on level 4 of the Lair of Beasts)
 15303 | Lair:5   | Found a staircase to the Slime Pits.
 15305 | Lair:5   | Noticed a six-headed hydra
 15323 | Lair:5   | Killed a six-headed hydra
 15323 | Lair:5   | Reached XP level 13. HP: 58/84 MP: 4/13
 15522 | Lair:5   | Reached *** piety under the Shining One
 15795 | Lair:5   | Found a transporter.
 17265 | Lair:6   | Slain by a spiny frog

Levels and vault maps discovered:
D:1:      onia_arrival_pyramid, layout_basic
D:2:      minmay_general_purpose_star, layout_basic, uniq_jessica
D:3:      layout_basic, minmay_strange_pillars
D:4:      layout_loops_cross, minmay_tree_intersection, uniq_edmund
D:5:      layout_basic, portal_sewer_entry_e, first_ration, serial_shops,
          shop_coins, nemelex_altar_shiori, uniq_sigmund
D:6:      layout_layer_cave, uniq_blork_the_orc, uniq_eustachio
D:7:      layout_loops_ring, nicolae_overflow_quartered_altars,
          minmay_temple_entry_hall, gammafunk_ghost_wrathful_warriors,
          chequers_serial_rivers_small_a
D:8:      layout_gridville, grunt_qazlal_sundering, tgw_trog, uniq_pikel
D:9:      layout_roguey, grunt_lair_entry_orc_guard_hut, hangedman_ranch
          [blue_anna_fruit_fields], minmay_stone_trees_small,
          minmay_alternating_orb
Temple:   eino_temple_rhombus
Lair:1:   layout_chaotic_city, minmay_hedge_maze
Lair:2:   layout_chaotic_city, minmay_shoals_entry_hut,
          nicolae_spider_entry_non_spiders, roderic_batcave,
          eino_small_chamber_without_monster, chequers_serial_rivers_micro_d,
          patterned_corridor
Lair:3:   layout_big_grid
Lair:4:   layout_cave_pods
Lair:5:   layout_loops_ring, slime_dummy, gammafunk_ghost_berserking_beasts,
          grunt_forest_small_clearing_treed, serial_bayou_shore_a
Lair:6:   hangedman_lair_tendril_chambers, layout_misc_corridors,
          guppyfry_lair_end_dragon

Skill      XL: |  1  2  3  4  5  6  7  8  9 10 11 12 13 |
---------------+----------------------------------------+-----
Fighting       | 4 5 6 7 9 10 11 | 11.5
Maces & Flails | 3 4 5 6 8 10 11 | 11.8
Dodging        | 1 5 8 10 11 | 11.3
Shields        | 8 10 11 | 11.9
Armour         | |  3.2

Action                   |  1- 3 |  4- 6 |  7- 9 | 10-12 | 13-15 || total
-------------------------+-------+-------+-------+-------+-------++-------
Melee: Flail             |   114 |   146 |   418 |    71 |    77 ||   826
       Whip              |       |       |    23 |  1137 |   352 ||  1512
  Use: Scroll            |     5 |     7 |     6 |     9 |     1 ||    28
       Potion            |       |     3 |       |     6 |       ||     9
 Stab: Sleeping          |       |     2 |       |       |       ||     2
  Eat: Chunk             |     1 |     6 |     9 |    19 |     2 ||    37
       Ration            |       |       |     2 |     3 |     1 ||     6
Armor: Scale mail        |    61 |       |       |       |       ||    61
       Robe              |     1 |    61 |   218 |   208 |    54 ||   542
Dodge: Dodged            |    44 |    40 |   176 |   386 |   132 ||   778
Block: Shield            |    66 |    57 |   233 |   490 |   204 ||  1050
